[Event "Titled Tuesday Blitz April 12 Early 2022"]
[White "Clawitter, Craig"]
[Black "Mangialardo, Tiago Carvalho"]
[WhiteFideId "2023105"]
[BlackFideId "2130718"]
[WhiteElo "2217"]
[BlackElo "2046"]
[Result "1-0"]
[Round "10"]
[TimeControl "180+1"]
[Date "2022.04.13"]
[WhiteClock "0:00:03"]
[BlackClock "0:00:01"]

1. e4 Nf6 2. e5 Nd5 3. c4 Nb6 4. d4 d6 5. exd6 exd6 6. Nc3 Be7 7. Bd3 O-O 8. Nge2 Bg4 9. f3 Bh4+ 10. Ng3 Bh5 11. O-O Bg6 12. b3 Nc6 13. Be3 Re8 14. Bf2 Bf6 15. Bf5 d5 16. c5 Nc8 17. Qd2 N8e7 18. Bxg6 Nxg6 19. f4 b6 20. Rae1 Qd7 21. f5 Nh4 22. Nh5 Rxe1 23. Nxf6+ gxf6 24. Bxe1 Nxf5 25. Qf4 Nfxd4 26. Qxf6 Qe6 27. Qg5+ Qg6 28. Qxd5 Rd8 29. Qe4 1-0


[Site "https://www.chess.com"]

[Event "Titled Tuesday Blitz April 12 Early 2022"]
[White "Coto Mederos, Michel"]
[Black "Lianes Garcia, Marcos"]
[WhiteFideId "3508528"]
[BlackFideId "32060777"]
[WhiteElo "2427"]
[BlackElo "2310"]
[Result "0-1"]
[Round "10"]
[TimeControl "180+1"]
[Date "2022.04.12"]
[WhiteClock "0:00:08"]
[BlackClock "0:00:20"]

1. d4 g6 2. c4 Bg7 3. Nc3 c5 4. d5 d6 5. e4 e5 6. dxe6 Bxe6 7. Bd3 Nc6 8. Nf3 Nge7 9. O-O O-O 10. Bf4 a6 11. Be2 Nd4 12. Nxd4 Bxd4 13. Bh6 Re8 14. Qd2 Nc6 15. Kh1 Bf6 16. f4 Nd4 17. f5 gxf5 18. exf5 Bxf5 19. Bd3 Bxd3 20. Qxd3 Be5 21. Qh3 Re6 22. Ne4 Rg6 23. Rf2 Qc8 24. Qh5 Qg4 25. Qxg4 Rxg4 26. Nf6+ Bxf6 27. Rxf6 Rg6 28. Raf1 Re8 29. h3 Rxf6 30. Rxf6 Re6 31. Bg5 Rxf6 32. Bxf6 Nc6 33. g4 Kf8 34. Kg2 Ke8 35. Kg3 Kd7 36. Kf4 Ke6 37. Bc3 f6 38. g5 Ne5 39. b3 b5 40. cxb5 axb5 41. a4 fxg5+ 42. Kxg5 bxa4 43. bxa4 d5 44. a5 d4 45. Bb2 Nc6 46. a6 Kd5 47. Kh6 c4 48. Kxh7 c3 49. Bc1 d3 50. Kg6 d2 51. Bxd2 cxd2 52. h4 d1=Q 53. h5 Qg4+ 54. Kh6 Na7 55. Kh7 Qxh5+ 56. Kg7 Qf3 0-1


[Site "https://www.chess.com"]

[Event "Titled Tuesday Blitz April 12 Early 2022"]
[White "Czerw, Dawid"]
[Black "Dwilewicz, Katarzyna"]
[WhiteFideId "1145746"]
[BlackFideId "1148486"]
[WhiteElo "2125"]
[BlackElo "1907"]
[Result "1-0"]
[Round "10"]
[TimeControl "180+1"]
[Date "2022.04.13"]
[WhiteClock "0:01:51"]
[BlackClock "0:00:02"]

1. d4 d5 2. c4 e6 3. Nc3 Bb4 4. Bd2 Nf6 5. e3 O-O 6. Bd3 c5 7. cxd5 exd5 8. a3 Bxc3 9. bxc3 Nc6 10. Ne2 c4 11. Bc2 Re8 12. O-O b5 13. f3 a5 14. Ng3 Rb8 15. e4 b4 16. axb4 axb4 17. e5 b3 18. Bb1 Nd7 19. f4 Qb6 20. Kh1 Nf8 21. f5 Bd7 22. Nh5 b2 23. Ra2 Ra8 24. Qg4 Ng6 25. Rxa8 Rxa8 26. e6 fxe6 27. fxg6 h6 28. Nxg7 Ra1 29. Nxe6 Nd8 30. Rf8# 1-0


[Site "https://www.chess.com"]

[Event "Titled Tuesday Blitz April 12 Early 2022"]
[White "De Arruda, Leandro Formes"]
[Black "Przybylski, Wojciech"]
[WhiteFideId "22722009"]
[BlackFideId "1117599"]
[WhiteElo "1852"]
[BlackElo "2133"]
[Result "0-1"]
[Round "10"]
[TimeControl "180+1"]
[Date "2022.04.13"]
[WhiteClock "0:00:03"]
[BlackClock "0:00:35"]

1. d4 d5 2. Nf3 Nf6 3. e3 Bg4 4. Be2 Nbd7 5. O-O e6 6. b3 a5 7. a4 Bd6 8. Bb2 O-O 9. Nbd2 c5 10. Ne5 Bf5 11. f4 Rc8 12. c3 h6 13. Qe1 cxd4 14. exd4 Ne4 15. Nxe4 Bxe4 16. Bf3 f5 17. Qg3 Nf6 18. Rac1 Qb6 19. Bxe4 Nxe4 20. Qd3 Qxb3 21. Ba1 Bxe5 22. fxe5 Qxa4 23. Rb1 Rf7 24. Rb6 Re7 25. Rfb1 Rcc7 26. Qh3 Qc2 27. Rf1 Ng5 28. Qh5 Kh7 29. Rbb1 a4 30. h4 Ne4 31. Rb2 Qd3 32. Rd1 Qe3+ 33. Kh2 Qf4+ 34. Kg1 Qe3+ 35. Kh2 Rxc3 36. Ra2 Qf4+ 37. Kg1 Ng3 38. Qf3 Rxf3 39. gxf3 b5 40. Re1 Qxf3 41. Rf2 Qg4 42. Rg2 f4 43. Bc3 f3 0-1


[Site "https://www.chess.com"]

[Event "Titled Tuesday Blitz April 12 Early 2022"]
[White "Demchenko, Anton"]
[Black "Reprintsev, Alexander"]
[WhiteFideId "4160258"]
[BlackFideId "14100541"]
[WhiteElo "2539"]
[BlackElo "2108"]
[Result "1-0"]
[Round "10"]
[TimeControl "180+1"]
[Date "2022.04.12"]
[WhiteClock "0:02:14"]
[BlackClock "0:00:41"]

1. e4 d5 2. exd5 Qxd5 3. Nc3 Qa5 4. Nf3 Nf6 5. g3 Nc6 6. Bg2 Bg4 7. h3 Bh5 8. g4 Bg6 9. O-O O-O-O 10. d3 h5 11. g5 Ne8 12. Bd2 h4 13. b4 Qf5 14. b5 Nd4 15. Nxd4 Rxd4 16. Be3 Rd7 17. Ne4 e6 18. c4 1-0


[Site "https://www.chess.com"]

[Event "Titled Tuesday Blitz April 12 Early 2022"]
[White "Derjabin, Ilja"]
[Black "Hoffmann, Asa"]
[WhiteFideId "14104768"]
[BlackFideId "2001470"]
[WhiteElo "2341"]
[BlackElo "2117"]
[Result "1-0"]
[Round "10"]
[TimeControl "180+1"]
[Date "2022.04.13"]
[WhiteClock "0:00:25"]
[BlackClock "0:00:14"]

1. d4 Nf6 2. c4 c5 3. d5 e5 4. Nc3 d6 5. e4 Be7 6. Nge2 Nbd7 7. Ng3 g6 8. Be2 h5 9. O-O h4 10. Nh1 Nh5 11. g3 Bg5 12. f4 exf4 13. gxf4 Bf6 14. e5 dxe5 15. f5 Nf8 16. fxg6 fxg6 17. Ne4 Bf5 18. Rxf5 gxf5 19. Bxh5+ Kd7 20. Nxc5+ Kc7 21. Nf2 b6 22. Ne6+ Nxe6 23. dxe6 Qxd1+ 24. Bxd1 Kd6 25. Bb3 Kxe6 26. c5+ Ke7 27. cxb6 axb6 28. Be3 Rab8 29. Rc1 Rhc8 30. Rxc8 Rxc8 31. Bxb6 Rc1+ 32. Kg2 Rb1 33. Bc5+ Kd7 34. Ba4+ Kc7 35. b4 e4 36. b5 f4 37. Nxe4 Rb2+ 38. Kf3 Rxa2 39. b6+ Kb7 40. Nd6+ Kb8 41. Bc6 Rc2 42. Ne4 Bd8 43. Bd6+ Kc8 44. b7# 1-0


[Site "https://www.chess.com"]

[Event "Titled Tuesday Blitz April 12 Early 2022"]
[White "Domingo Nunez, Alejandro"]
[Black "Gracia Alvarez, Gerardo Antonio"]
[WhiteFideId "22245561"]
[BlackFideId "5109124"]
[WhiteElo "2215"]
[BlackElo "2139"]
[Result "1-0"]
[Round "10"]
[TimeControl "180+1"]
[Date "2022.04.13"]
[WhiteClock "0:00:03"]
[BlackClock "0:00:14"]

1. Nf3 Nf6 2. g3 g6 3. Bg2 Bg7 4. O-O O-O 5. d3 d5 6. Bd2 c5 7. c4 Nc6 8. cxd5 Nxd5 9. Qc1 b6 10. Nc3 Nxc3 11. Bxc3 Bxc3 12. bxc3 Bb7 13. Qh6 f6 14. Nh4 Qd7 15. Nxg6 hxg6 16. Qxg6+ Kh8 17. Be4 e6 18. f4 f5 19. Bf3 Rae8 20. e4 Qg7 21. Qh5+ Qh7 22. Qg5 Ne7 23. Rae1 fxe4 24. dxe4 Ng8 25. Bh5 Re7 26. Bg6 Qh6 27. Qe5+ Qg7 28. Qg5 Qh6 29. h4 Qxg5 30. hxg5 Kg7 31. Bh5 Rd8 32. f5 exf5 33. exf5 Red7 34. f6+ Kh7 35. Rf2 Rd2 36. g6+ Kh6 37. Rxd2 Rxd2 38. f7 Kg7 39. Re8 1-0


[Site "https://www.chess.com"]

[Event "Titled Tuesday Blitz April 12 Early 2022"]
[White "Wagner, Dinara"]
[Black "Allahverdiyeva, Ayan"]
[WhiteFideId "24157570"]
[BlackFideId "13412590"]
[WhiteElo "2216"]
[BlackElo "1910"]
[Result "0-1"]
[Round "10"]
[TimeControl "180+1"]
[Date "2022.04.13"]
[WhiteClock "0:00:19"]
[BlackClock "0:00:34"]

1. d4 Nf6 2. Nf3 d5 3. c4 e6 4. g3 Be7 5. Bg2 O-O 6. O-O c6 7. Qc2 b6 8. b3 Nbd7 9. Nc3 Bb7 10. Bb2 Rc8 11. Rfd1 Qc7 12. e4 dxe4 13. Nxe4 Nxe4 14. Qxe4 c5 15. d5 Nf6 16. Qe2 exd5 17. cxd5 Bxd5 18. Qc2 Be4 19. Qc3 Qb7 20. Re1 Rfd8 21. Re3 Bf8 22. Qc4 b5 23. Qc1 Ng4 24. Rxe4 Qxe4 25. Ng5 Qf5 26. Ne4 c4 27. Qc2 cxb3 28. Qxb3 Re8 29. Qd3 Rcd8 30. Qc2 Rc8 31. Qd3 Rxe4 32. Qxe4 Qxf2+ 33. Kh1 Qxb2 34. Rf1 Nf2+ 35. Rxf2 Qxf2 36. h4 Rc1+ 37. Kh2 Rc2 38. a3 Bxa3 39. Qa8+ Bf8 40. h5 b4 41. h6 Qxg2+ 42. Qxg2 Rxg2+ 43. Kxg2 b3 44. hxg7 Bxg7 45. g4 b2 46. g5 b1=Q 47. g6 Qxg6+ 48. Kh3 Be5 49. Kh4 Qg3+ 50. Kh5 Qh3+ 51. Kg5 f6# 0-1


[Site "https://www.chess.com"]

[Event "Titled Tuesday Blitz April 12 Early 2022"]
[White "Esipenko, Andrey"]
[Black "Murzin, Volodar"]
[WhiteFideId "24175439"]
[BlackFideId "44155573"]
[WhiteElo "2617"]
[BlackElo "2585"]
[Result "1-0"]
[Round "10"]
[TimeControl "180+1"]
[Date "2022.04.12"]
[WhiteClock "0:00:10"]
[BlackClock "0:00:01"]

1. d4 d5 2. c4 c6 3. Nf3 Nf6 4. Nc3 e6 5. e3 Nbd7 6. Be2 Bd6 7. O-O O-O 8. b3 Qe7 9. Bb2 Ba3 10. Bxa3 Qxa3 11. Bd3 Qd6 12. e4 dxe4 13. Nxe4 Nxe4 14. Bxe4 Nf6 15. c5 Qf4 16. Bd3 Rd8 17. Qe2 Nd5 18. g3 Qf6 19. Rac1 a5 20. a3 Bd7 21. Ne5 Be8 22. Rfd1 Nc7 23. a4 Nd5 24. Be4 Nb4 25. Rd2 g6 26. h4 h5 27. Rcd1 Nd5 28. Rd3 Qg7 29. Qd2 Nb4 30. Rf3 Rab8 31. Nc4 e5 32. Nxe5 b6 33. cxb6 c5 34. Qg5 cxd4 35. Qe7 f5 36. Qe6+ Bf7 37. Qe7 Be8 38. Qe6+ Bf7 39. Nxf7 Qxf7 40. Bxf5 gxf5 41. Qe5 Qd5 42. Qf4 Rxb6 43. Qg5+ Kh7 44. Rxf5 Qxb3 45. Re1 Rg6 46. Re7+ Kh8 47. Qxg6 1-0


[Site "https://www.chess.com"]

[Event "Titled Tuesday Blitz April 12 Early 2022"]
[White "Fathy, Elameir"]
[Black "Prohorov, Olexandr"]
[WhiteFideId "10600396"]
[BlackFideId "14105578"]
[WhiteElo "2311"]
[BlackElo "1993"]
[Result "0-1"]
[Round "10"]
[TimeControl "180+1"]
[Date "2022.04.13"]
[WhiteClock "0:00:07"]
[BlackClock "0:00:44"]

1. d4 g6 2. c4 Bg7 3. Nf3 c5 4. d5 d6 5. e4 Nf6 6. Nc3 O-O 7. h3 e6 8. Bd3 exd5 9. cxd5 Re8 10. O-O a6 11. a4 b6 12. Bf4 Nh5 13. Bg5 Bf6 14. Be3 Nd7 15. Nd2 Be5 16. Nc4 Bf4 17. Bxf4 Nxf4 18. Nxd6 Ne5 19. Nxe8 Nexd3 20. g3 Nxh3+ 21. Kg2 c4 22. b3 Qxe8 23. bxc4 Nhxf2 24. Rxf2 Bh3+ 25. Kg1 Nxf2 26. Kxf2 Qe5 27. Qf3 Rc8 28. Qd3 Qf6+ 29. Kg1 h5 30. Ra2 h4 31. Rf2 Qg5 32. Kh2 Bd7 33. Qf3 f5 34. e5 Rxc4 35. e6 Be8 36. Ne2 hxg3+ 37. Qxg3 Rh4+ 38. Kg2 Rg4 39. Rf3 Rxg3+ 40. Rxg3 Qd2 41. Kf2 Qxd5 42. Nf4 Qd4+ 43. Kf3 Qe4+ 44. Kf2 Qxf4+ 45. Rf3 0-1


[Site "https://www.chess.com"]

[Event "Titled Tuesday Blitz April 12 Early 2022"]
[White "Fernandez Siles, Luis"]
[Black "Kejzar, Petra"]
[WhiteFideId "2209420"]
[BlackFideId "14610213"]
[WhiteElo "2212"]
[BlackElo "2003"]
[Result "1-0"]
[Round "10"]
[TimeControl "180+1"]
[Date "2022.04.13"]
[WhiteClock "0:00:18"]
[BlackClock "0:00:04"]

1. d4 Nf6 2. c4 e6 3. Nc3 Bb4 4. e3 O-O 5. Ne2 d5 6. a3 Be7 7. cxd5 exd5 8. g3 c5 9. dxc5 Bxc5 10. Bg2 Be6 11. O-O Nc6 12. Nf4 d4 13. exd4 Nxd4 14. Nxe6 fxe6 15. Be3 e5 16. Rc1 Qe7 17. Re1 Rad8 18. Qa4 Ng4 19. Nd5 Qd6 20. Qc4 b6 21. Nf6+ Kh8 22. Nxg4 h5 23. Bxd4 Bxd4 24. Ne3 Qh6 25. b4 h4 26. Qc6 Qg5 27. Qe4 hxg3 28. hxg3 Kg8 29. Rc6 Bxe3 30. Qxe3 Qf5 31. Be4 Qh5 32. Rc7 Rd4 33. Bg2 Re8 34. Bf3 Qg6 35. Be4 Qh5 36. Qf3 1-0


[Site "https://www.chess.com"]

[Event "Titled Tuesday Blitz April 12 Early 2022"]
[White "Ferreira, Vitor Hugo Vieira"]
[Black "Brodowski, Piotr"]
[WhiteFideId "2119765"]
[BlackFideId "1124480"]
[WhiteElo "2165"]
[BlackElo "2422"]
[Result "0-1"]
[Round "10"]
[TimeControl "180+1"]
[Date "2022.04.13"]
[WhiteClock "0:00:44"]
[BlackClock "0:00:05"]

1. d4 d5 2. c4 dxc4 3. e3 Nf6 4. Bxc4 e6 5. Nf3 a6 6. O-O c5 7. Nc3 b5 8. Bb3 Bb7 9. Qe2 Nbd7 10. Rd1 Qb8 11. e4 cxd4 12. Nxd4 b4 13. Nd5 exd5 14. exd5+ Qe5 15. Qf1 Bd6 16. Re1 Ne4 17. Nf3 Qf5 18. Bc2 Bxd5 19. Bxe4 Bxe4 20. Qd3 O-O 21. Qxe4 Qxe4 22. Rxe4 Nf6 23. Rd4 Bc5 24. Rd3 Rfd8 25. Rxd8+ Rxd8 26. Bg5 Bd4 27. Nxd4 Rxd4 28. Bxf6 gxf6 29. g3 Rd2 30. a3 b3 31. Rc1 Rxb2 32. Rc6 a5 33. a4 Ra2 34. Rb6 b2 35. Kg2 Kf8 36. Kf3 Ke7 37. Ke3 Kd7 38. h4 Kc7 39. Rb5 f5 40. f3 Kd6 41. Kf4 Rxa4+ 42. Kxf5 Rb4 43. Rxa5 b1=Q+ 44. Kf6 Qg6# 0-1


[Site "https://www.chess.com"]

[Event "Titled Tuesday Blitz April 12 Early 2022"]
[White "Gabdrakhmanov, Azat"]
[Black "Artemenko, Oleg"]
[WhiteFideId "34189197"]
[BlackFideId "14201798"]
[WhiteElo "2279"]
[BlackElo "2287"]
[Result "0-1"]
[Round "10"]
[TimeControl "180+1"]
[Date "2022.04.12"]
[WhiteClock "0:00:16"]
[BlackClock "0:02:05"]

1. e4 e6 2. d3 d5 3. Nd2 Nf6 4. Ngf3 c5 5. g3 Nc6 6. Bg2 Be7 7. O-O O-O 8. Re1 b5 9. e5 Nd7 10. Nf1 b4 11. h4 Ba6 12. Bf4 Rc8 13. Ne3 Nd4 14. h5 Re8 15. h6 g6 16. Nxd4 cxd4 17. Ng4 Qc7 18. Rc1 Qc5 19. Qd2 Rc6 20. Bg5 Bf8 21. Qf4 Rec8 22. Bf6 Be7 23. Bxe7 Qxe7 24. Qxd4 Qc5 25. Qf4 Qe7 26. c4 bxc3 27. bxc3 Bxd3 28. Nf6+ Nxf6 29. exf6 Qa3 30. Qe3 Bf5 31. Bxd5 exd5 32. Qe8+ Rxe8 33. Rxe8+ Qf8 34. Rce1 Rxf6 35. Rxf8+ Kxf8 36. Re5 Be6 37. f4 Rf5 38. Re2 g5 39. Kf2 gxf4 40. g4 Rg5 41. Rb2 Rxg4 42. Kf3 Rh4 43. Rb8+ Ke7 0-1


[Site "https://www.chess.com"]

[Event "Titled Tuesday Blitz April 12 Early 2022"]
[White "Gaehwiler, Gabriel"]
[Black "Osmonbekov, Talaibek"]
[WhiteFideId "1314530"]
[BlackFideId "2017253"]
[WhiteElo "2383"]
[BlackElo "2135"]
[Result "1-0"]
[Round "10"]
[TimeControl "180+1"]
[Date "2022.04.13"]
[WhiteClock "0:02:37"]
[BlackClock "0:00:03"]

1. Nf3 f5 2. g3 Nf6 3. d4 e6 4. c3 Be7 5. Nbd2 O-O 6. Bg2 c5 7. O-O Nc6 8. a3 d6 9. b4 e5 10. Bb2 e4 11. Ne1 cxd4 12. cxd4 d5 13. Qc2 Be6 14. Qd1 Qe8 15. Nc2 Rc8 16. Nb3 b6 17. Rc1 Qh5 18. e3 Qf7 19. f4 Kh8 20. Ne1 Ng4 21. Qe2 Bd6 22. h3 Nf6 23. Qf2 Rg8 24. Rc2 g5 25. b5 Ne7 26. Rxc8 Bxc8 27. Nc2 Bd7 28. a4 Nh5 29. Kh2 Qg7 30. Rg1 Qh6 31. Bc1 Ng6 32. Bf1 Ne7 33. Be2 gxf4 34. gxf4 Nf6 35. Rxg8+ Nexg8 36. Kg2 Ne7 37. Qg3 Ng6 38. Ba3 Nh4+ 39. Kf2 Bxa3 40. Nxa3 Ng6 41. Nc2 Qf8 42. Qg1 Qh6 43. Qg2 Nh4 44. Qg3 Ng6 45. Bd1 Qf8 46. Ke1 Qh6 47. Kd2 Qf8 48. Kc3 Qd6 49. Kb2 Nh5 50. Qf2 Qf6 51. Be2 Ng7 52. Nb4 Ne6 53. Nxd5 Qf8 54. Nc3 Qb4 55. Qe1 Ne7 56. Qd2 1-0


[Site "https://www.chess.com"]

[Event "Titled Tuesday Blitz April 12 Early 2022"]
[White "Gallegos Diaz, Carlos Alberto"]
[Black "Iskusnyh, Sergei"]
[WhiteFideId "3900886"]
[BlackFideId "4120027"]
[WhiteElo "2362"]
[BlackElo "2492"]
[Result "1-0"]
[Round "10"]
[TimeControl "180+1"]
[Date "2022.04.13"]
[WhiteClock "0:00:46"]
[BlackClock "0:00:22"]

1. e4 e6 2. d3 c5 3. Nd2 Nc6 4. Ngf3 g6 5. Be2 Bg7 6. O-O d6 7. c3 Nge7 8. Re1 O-O 9. Bf1 e5 10. Nb3 b6 11. h3 d5 12. exd5 Nxd5 13. d4 exd4 14. cxd4 cxd4 15. Bg5 Qd6 16. Nbxd4 Nxd4 17. Nxd4 Bb7 18. Nb5 Qb4 19. Rb1 Nf6 20. a3 Qc5 21. Be3 Qd5 22. Nc7 Qxd1 23. Rbxd1 Rad8 24. Bd4 Rd7 25. Bxf6 Rxd1 26. Rxd1 Bxf6 27. Rd7 Bc6 28. Rd6 Bxb2 29. Rxc6 Bxa3 30. Nb5 Bc5 31. Nxa7 Kg7 32. Rc8 Rxc8 33. Nxc8 Kf6 34. Bb5 Ke5 35. Kf1 Kd4 36. Ke2 Kc3 37. Na7 Kb4 38. f4 Bd6 39. Bd3 Bxf4 40. Nc6+ Kc5 41. Nd8 b5 42. Nxf7 b4 43. Nd8 Kd5 44. Kf3 Bc7 45. Be4+ Ke5 46. Nc6+ Kf6 47. Nxb4 h5 48. Nd5+ 1-0


[Site "https://www.chess.com"]

[Event "Titled Tuesday Blitz April 12 Early 2022"]
[White "Gatterer, Florian"]
[Black "Bowden, Karl"]
[WhiteFideId "811688"]
[BlackFideId "400548"]
[WhiteElo "2218"]
[BlackElo "2329"]
[Result "1/2-1/2"]
[Round "10"]
[TimeControl "180+1"]
[Date "2022.04.13"]
[WhiteClock "0:02:30"]
[BlackClock "0:02:27"]

1. b3 Nf6 2. Bb2 g6 3. e4 d6 4. Nf3 Bg7 5. Be2 O-O 6. d3 c5 7. c4 Nc6 8. Nc3 Ne8 9. h3 a6 10. O-O b5 11. cxb5 axb5 12. Qc1 b4 13. Nd5 1/2-1/2


[Site "https://www.chess.com"]

[Event "Titled Tuesday Blitz April 12 Early 2022"]
[White "Golubeva, Oksana"]
[Black "Simonovic, Miroslav"]
[WhiteFideId "4170164"]
[BlackFideId "919152"]
[WhiteElo "2162"]
[BlackElo "2043"]
[Result "1-0"]
[Round "10"]
[TimeControl "180+1"]
[Date "2022.04.13"]
[WhiteClock "0:01:20"]
[BlackClock "0:00:03"]

1. Nf3 c5 2. c4 Nc6 3. Nc3 e5 4. e3 g6 5. d4 cxd4 6. exd4 Bg7 7. dxe5 Nge7 8. Bf4 O-O 9. Bd3 Qa5 10. Qe2 Re8 11. O-O Nf5 12. Bxf5 gxf5 13. Nb5 Nxe5 14. Nxe5 Bxe5 15. Bxe5 a6 16. Qe3 Rxe5 17. Qxe5 axb5 18. cxb5 d6 19. Qe8+ Kg7 20. a4 Be6 21. Qe7 Qb4 22. Ra3 f4 23. Qg5+ Kh8 24. Qf6+ Kg8 25. Rfa1 Rc8 26. Rc3 Rc4 27. Rxc4 Qxc4 28. h4 Kf8 29. h5 Ke8 30. Qh8+ Kd7 31. Qxh7 Bd5 32. Qf5+ Kc7 33. h6 f3 34. gxf3 Qh4 35. Rc1+ Kb6 36. Qxd5 Qg5+ 37. Qxg5 1-0


[Site "https://www.chess.com"]

[Event "Titled Tuesday Blitz April 12 Early 2022"]
[White "Grischuk, Alexander"]
[Black "Zierk, Steven"]
[WhiteFideId "4126025"]
[BlackFideId "2034255"]
[WhiteElo "2762"]
[BlackElo "2494"]
[Result "1-0"]
[Round "10"]
[TimeControl "180+1"]
[Date "2022.04.12"]
[WhiteClock "0:01:27"]
[BlackClock "0:01:44"]

1. d4 Nf6 2. c4 g6 3. Bg5 Bg7 4. Nc3 O-O 5. Nf3 d6 6. e3 Bf5 7. Bd3 Bxd3 8. Qxd3 Nbd7 9. O-O e5 10. Rfd1 Re8 11. Qc2 a5 12. Rac1 Qc8 13. h3 exd4 14. Nxd4 Nc5 15. Bxf6 Bxf6 16. Nd5 Bg7 17. Nb5 Ne6 18. Qe2 Qd8 19. Qf3 c6 20. Nxd6 cxd5 21. Qxf7+ Kh8 22. Qxe8+ Qxe8 23. Nxe8 Rxe8 24. cxd5 Ng5 25. d6 Bxb2 26. d7 Rd8 27. Rc8 Ne6 28. Rd6 Kg7 29. Rxe6 Rxd7 30. Rb6 Ba3 31. g4 h5 32. gxh5 gxh5 33. Rb8 1-0


[Site "https://www.chess.com"]

[Event "Titled Tuesday Blitz April 12 Early 2022"]
[White "Gunina, Valentina"]
[Black "Plazuelo Pascual, Juan"]
[WhiteFideId "4167570"]
[BlackFideId "32059566"]
[WhiteElo "2381"]
[BlackElo "2359"]
[Result "1-0"]
[Round "10"]
[TimeControl "180+1"]
[Date "2022.04.13"]
[WhiteClock "0:00:47"]
[BlackClock "0:00:09"]

1. d4 d5 2. c4 e6 3. Nf3 Nf6 4. Nc3 Be7 5. Bf4 O-O 6. e3 Nbd7 7. cxd5 Nxd5 8. Nxd5 exd5 9. Bd3 c5 10. O-O b6 11. e4 Nf6 12. e5 Ne4 13. Nd2 Nxd2 14. Qxd2 Be6 15. Bg3 f5 16. exf6 Bxf6 17. dxc5 bxc5 18. Qc2 h6 19. Qxc5 Bxb2 20. Rae1 Qf6 21. Re2 Bd4 22. Qc6 Bf7 23. Qd7 Rfe8 24. Rfe1 Rxe2 25. Rxe2 Rd8 26. Qc7 Qb6 27. Qf4 Bf6 28. h3 Qd4 29. Qf5 g6 30. Qf3 Kg7 31. Kh2 Rd7 32. Rd2 Qc3 33. Rc2 Qd4 34. Rc6 h5 35. Bf4 Re7 36. Rxf6 1-0


[Site "https://www.chess.com"]

[Event "Titled Tuesday Blitz April 12 Early 2022"]
[White "Hansen, Eric"]
[Black "Ibadov, Dashgyn"]
[WhiteFideId "2606771"]
[BlackFideId "24107514"]
[WhiteElo "2568"]
[BlackElo "2138"]
[Result "1-0"]
[Round "10"]
[TimeControl "180+1"]
[Date "2022.04.12"]
[WhiteClock "0:00:07"]
[BlackClock "0:00:02"]

1. e4 c5 2. Nf3 d6 3. Bb5+ Bd7 4. Bxd7+ Nxd7 5. O-O Ngf6 6. Re1 e6 7. c3 Be7 8. d4 O-O 9. h3 b5 10. Nbd2 Qc7 11. Nf1 Rfc8 12. e5 dxe5 13. dxe5 Nd5 14. Ng3 c4 15. Re4 Nc5 16. Rg4 Nd3 17. Bh6 g6 18. Qe2 Bc5 19. Rf1 Bf8 20. Bxf8 Rxf8 21. Rh4 Qe7 22. Rg4 Rae8 23. Qd2 f5 24. exf6 Nxf6 25. Rg5 e5 26. Qe3 e4 27. Nd4 a6 28. b3 Qd6 29. bxc4 bxc4 30. Ndf5 Qd7 31. Nh6+ Kh8 32. Rb1 Rb8 33. Rxb8 Rxb8 34. Ng4 Rb1+ 35. Kh2 Nxg4+ 36. Rxg4 Qf7 37. Nxe4 Qc7+ 38. g3 Ne5 39. Rf4 Kg7 40. Qd4 1-0


[Site "https://www.chess.com"]

[Event "Titled Tuesday Blitz April 12 Early 2022"]
[White "Harshavardhan G B"]
[Black "Kamsky, Gata"]
[WhiteFideId "25059009"]
[BlackFideId "2000024"]
[WhiteElo "1831"]
[BlackElo "2645"]
[Result "1/2-1/2"]
[Round "10"]
[TimeControl "180+1"]
[Date "2022.04.12"]
[WhiteClock "0:01:02"]
[BlackClock "0:00:23"]

1. d4 d5 2. c4 c6 3. Nf3 Nf6 4. Nc3 a6 5. g3 b5 6. cxd5 cxd5 7. Bg2 Bb7 8. O-O e6 9. Ne5 Be7 10. Bg5 Nbd7 11. Rc1 O-O 12. Nd3 Rc8 13. a3 Ne4 14. Bxe7 Qxe7 15. Na2 Rc4 16. e3 Rfc8 17. b4 Rxc1 18. Naxc1 Rc3 19. Nb3 Nb6 20. Ndc5 Nc4 21. Bxe4 dxe4 22. Nxb7 Qxb7 23. Nc5 Qc6 24. a4 Ra3 25. axb5 axb5 26. Qh5 Ra8 27. Rc1 Qd5 28. Qh4 Nd2 29. Kg2 Qf5 30. Qf4 g5 31. Qxf5 exf5 32. h3 Kg7 33. Nd7 Nc4 34. g4 Kg6 35. Ne5+ Nxe5 36. dxe5 fxg4 37. hxg4 Ra4 38. Rc6+ Kg7 39. Rc7 Kg6 40. Rc6+ Kg7 41. Rc7 Kg6 42. Rc6+ 1/2-1/2


[Site "https://www.chess.com"]

[Event "Titled Tuesday Blitz April 12 Early 2022"]
[White "Hess, Robert"]
[Black "Weetik, Vjacheslav"]
[WhiteFideId "2022036"]
[BlackFideId "4153472"]
[WhiteElo "2557"]
[BlackElo "2469"]
[Result "1-0"]
[Round "10"]
[TimeControl "180+1"]
[Date "2022.04.12"]
[WhiteClock "0:00:03"]
[BlackClock "0:00:01"]

1. b3 d5 2. Bb2 Bg4 3. d3 Nd7 4. Nd2 e5 5. h3 Bh5 6. g4 Bg6 7. e3 Bd6 8. Bg2 c6 9. Ngf3 h5 10. Qe2 Ne7 11. Nh4 Bh7 12. O-O-O a5 13. a4 b5 14. axb5 cxb5 15. d4 Qc7 16. Nf5 Bxf5 17. gxf5 a4 18. Qxb5 O-O 19. Bxd5 Ra5 20. Qc4 Nxd5 21. Qxc7 Nxc7 22. Nc4 a3 23. Ba1 Bb4 24. dxe5 Nc5 25. Nxa5 Bxa5 26. Rhg1 Nb5 27. Rd5 Rc8 28. e6 Bc3 29. e7 Bxa1 30. Rd8+ Kh7 31. Rxc8 Bb2+ 32. Kd2 a2 33. e8=Q Bc3+ 34. Ke2 1-0


[Site "https://www.chess.com"]

[Event "Titled Tuesday Blitz April 12 Early 2022"]
[White "Hnydiuk, Aleksander"]
[Black "Uzuner, Tufan Can"]
[WhiteFideId "1109057"]
[BlackFideId "6300499"]
[WhiteElo "2374"]
[BlackElo "2219"]
[Result "1-0"]
[Round "10"]
[TimeControl "180+1"]
[Date "2022.04.13"]
[WhiteClock "0:00:26"]
[BlackClock "0:01:04"]

1. e4 c6 2. d4 d5 3. f3 e5 4. dxe5 Bc5 5. Nc3 Qb6 6. Na4 Bf2+ 7. Ke2 Qd4 8. Qxd4 Bxd4 9. exd5 Bxe5 10. Nc3 Bxc3 11. bxc3 cxd5 12. Kf2 Nc6 13. Rb1 Nge7 14. Bb5 O-O 15. Ne2 Bf5 16. Bd3 b6 17. Bf4 Rfd8 18. Rhd1 Rac8 19. g4 Be6 20. h4 f6 21. Ba6 Na5 22. Bxc8 Rxc8 23. Nd4 Bf7 24. Nb5 a6 25. Nd6 Rxc3 26. Rxb6 Rxc2+ 27. Rd2 Rxd2+ 28. Bxd2 Be6 29. Bxa5 1-0


[Site "https://www.chess.com"]

[Event "Titled Tuesday Blitz April 12 Early 2022"]
[White "Hoang, Thi Bao Tram"]
[Black "Girinath, P.D.S."]
[WhiteFideId "12401102"]
[BlackFideId "5000572"]
[WhiteElo "2125"]
[BlackElo "2369"]
[Result "0-1"]
[Round "10"]
[TimeControl "180+1"]
[Date "2022.04.13"]
[WhiteClock "0:00:54"]
[BlackClock "0:00:14"]

1. d4 e6 2. Nf3 f5 3. c4 Nf6 4. g3 Be7 5. Bg2 O-O 6. O-O d6 7. Nc3 a5 8. Qc2 Nc6 9. Re1 e5 10. dxe5 dxe5 11. Rd1 Qe8 12. Nb5 Bd8 13. Bd2 Qh5 14. h3 Kh8 15. Bc3 e4 16. Nh2 Qf7 17. b3 Qg6 18. Nf1 f4 19. g4 h5 20. f3 hxg4 21. hxg4 Nb4 22. Qb2 Nxg4 23. fxg4 Bxg4 24. Rd7 Bxd7 25. Kf2 Bxb5 26. cxb5 c6 27. Nh2 Bb6+ 28. Kf1 Qg3 29. Be5 Qf2# 0-1


[Site "https://www.chess.com"]